 Dungeon Crawl Stone Soup version 0.17.0-26-gececa24 (console) character file.

119 Kloppie the Skirmisher (level 5, -9/47 HPs)
             Began as a Hill Orc Fighter on Nov 19, 2015.
             Mangled by a wyvern (10 damage)
             ... on level 4 of the Dungeon.
             The game lasted 00:03:41 (1950 turns).

Kloppie the Skirmisher (Hill Orc Fighter)           Turns: 1950, Time: 00:03:41

Health: -9/47      AC: 10    Str: 24    XL:     5   Next: 3%
Magic:  5/5        EV:  7    Int:  8    God:
Gold:   137        SH:  9    Dex: 11    Spells: 0 memorised, 4 levels left

rFire  . . .     SeeInvis .     a - +0 war axe
rCold  . . .     Clarity  .     b - +0 scale mail
rNeg   . . .     SustAt   .     c - +0 shield
rPois  .         Gourm    .     r - +0 helmet
rElec  .         Spirit   .     (no cloak)
rCorr  .         Warding  .     v - +0 pair of gloves
rMut   .         Stasis   .     x - +0 pair of boots
MR     .....                    (no amulet)
Stlth  ..........               (no ring)
                                (no ring)

@: mighty, not resistant to hostile enchantments, extremely unstealthy
A: no striking features
a: no special abilities


You were on level 4 of the Dungeon.
You were not hungry.

You visited 1 branch of the dungeon, and saw 4 of its levels.

You collected 137 gold pieces.

Inventory:

Hand Weapons
 a - a +0 war axe (weapon)
Armour
 b - a +0 scale mail (worn)
 c - a +0 shield (worn)
 r - a +0 helmet (worn)
 v - a +0 pair of gloves (worn)
 x - a +0 pair of boots (worn)
Scrolls
 f - 2 scrolls of fog {unknown}
 h - 4 scrolls of identify {unknown}
 i - a scroll of teleportation {unknown}
 j - a scroll of random uselessness {unknown}
 l - a scroll of remove curse {unknown}
 m - a scroll of fear {unknown}
 n - a scroll of enchant weapon {unknown}
 p - a scroll of enchant armour {unknown}
 t - a scroll of magic mapping {unknown}
 w - a scroll of immolation {unknown}
 y - a scroll of blinking {unknown}
Potions
 g - 3 potions of curing {unknown}
 o - 2 potions of heal wounds {unknown}
 s - a potion of degeneration {unknown}
 u - a potion of berserk rage {unknown}
 B - a potion of haste {unknown}
Comestibles
 e - 2 bread rations
 k - 2 meat rations
 q - a slice of pizza
 z - a royal jelly


   Skills:
 + Level 4.8 Fighting
 + Level 4.5 Axes
 + Level 4.2 Armour
 - Level 3.2 Shields


You had 4 spell levels left.
You didn't know any spells.

Dungeon Overview and Level Annotations

Branches:
Dungeon (4/15)
 Temple: D:4-7

Altars:


Message History

The wyvern bites you. The wyvern bites you!
* * * LOW HITPOINT WARNING * * *
The wyvern barely misses you. You block the wyvern's attack.
You block the wyvern's attack.
The wyvern bites you but does no damage.
The wyvern barely misses you. The wyvern completely misses you.
The wyvern misses you.
You aren't carrying any items that can be evoked.
Read which item? (? for menu, Esc to quit)
Okay, then.
Drink which item? (? for menu, Esc to quit)
You feel very mighty all of a sudden. The wyvern bites you!
* * * LOW HITPOINT WARNING * * *
You closely miss the wyvern.
The wyvern is lightly wounded.
You block the wyvern's attack. The wyvern bites you!
You die...

#####..............
#...†..........
#..............
#.............
#.#.####.#####
#.#.# .#<..# #.#.#
###.#
#.#l####.###.#
#..@.....#...#
###.######.###
#...# #.# ###.# #.#
#.# #.# #.# #.#
#.####.# #....††#
#.######


You could see a wyvern.

Vanquished Creatures
  5 adders
  2 oozes
  3 worms
  3 orcs (D:3)
  2 ball pythons
  3 goblins
  9 hobgoblins
  4 jackals (D:4)
  8 bats
  2 giant cockroaches
  A giant newt (D:2)
  10 kobolds
  4 rats
56 creatures vanquished.

Notes
Turn   | Place    | Note
--------------------------------------------------------------
     0 | D:1      | Kloppie the Hill Orc Fighter began the quest for the Orb.
     0 | D:1      | Reached XP level 1. HP: 19/19 MP: 1/1
   121 | D:1      | Reached XP level 2. HP: 22/27 MP: 2/2
   191 | D:1      | Reached skill level 4 in Fighting
   466 | D:1      | Reached XP level 3. HP: 33/33 MP: 3/3
   895 | D:2      | Reached XP level 4. HP: 41/41 MP: 4/4
  1891 | D:4      | Reached XP level 5. HP: 47/47 MP: 5/5
  1928 | D:4      | Noticed a wyvern
  1949 | D:4      | HP: 1/47 [wyvern (12)]
  1950 | D:4      | Mangled by a wyvern

Action                   |  1- 3 |  4- 6 || total
-------------------------+-------+-------++-------
Melee: War axe           |    75 |   101 ||   176
  Use: Potion            |       |     1 ||     1
  Eat: Chunk             |       |     4 ||     4
